AoeStats
← Malelf

Arabia

509369432Analyzed
1v1 RM · 5d ago on Sep 26, 2026· 57m 30s· 2 players
Game mode
Random Map
Map size
Tiny (2 player)
Population
200
Speed
Normal
Resources
Standard
Victory
Conquest
Starting age
Dark Age
Ending age
Imperial Age
RankedLock teamsTeams togetherTeam positionsShared explorationLock speedFull tech treeHidden civsTurbo modeCheats
Victory
Defeat
🇮🇹 Ethiopians · Italy
1735
+17
🇧🇬 Romans · Bulgaria
1766
-17
Malelf
5:43 Loom
9:23 Feudal Age
9:51 Double-Bit Axe
15:42 Fletching
21:22 Castle Age
19:39 Gold Mining
20:13 Padded Archer Armor
22:02 Bodkin Arrow
22:32 Bow Saw
21:57 Crossbowman
24:42 Horse Collar
25:41 Leather Archer Armor
26:07 Wheelbarrow
28:33 Ballistics
28:59 Thumb Ring
30:52 Stone Mining
32:46 Heavy Plow
38:51 Imperial Age
37:22 Hand Cart
37:04 Town Watch
38:32 Guard Tower
39:31 Gold Shaft Mining
39:31 Bracer
40:38 Chemistry
39:06 Arbalester
40:56 Two-Man Saw
40:23 Conscription
40:31 Conscription
40:50 Siege Engineers
40:55 Masonry
41:17 Ring Archer Armor
41:16 Guilds
45:20 Stone Shaft Mining
45:21 Torsion Engines
47:43 Scale Mail Armor
47:53 Forging
48:40 Chain Mail Armor
49:25 Architecture
48:51 Murder Holes
55:39 Elite Shotel Warrior
56:53 Plate Mail Armor
57:04 Royal Heirs
58:35 Iron Casting
Tokugawa
6:25 Loom
9:16 Feudal Age
10:05 Man-at-Arms
10:59 Double-Bit Axe
11:56 Scale Mail Armor
11:39 Horse Collar
23:02 Castle Age
21:21 Fletching
22:29 Forging
23:15 Long Swordsman
23:56 Squires
24:40 Chain Mail Armor
24:59 Bow Saw
25:43 Wheelbarrow
33:20 Heavy Plow
39:35 Imperial Age
36:59 Town Watch
38:57 Iron Casting
40:15 Hand Cart
40:22 Legionary
42:46 Bodkin Arrow
42:13 Elite Skirmisher
43:22 Padded Archer Armor
44:33 Ballistics
44:30 Leather Archer Armor
46:09 Chemistry
46:22 Ring Archer Armor
46:51 Murder Holes
50:10 Capped Ram
52:37 Siege Ram
54:13 Siege Engineers
Connection lost

Rejoining the realm…

Still unreachable

The connection could not be restored.

Session expired

The server has moved on; the page needs a fresh start.